 Dungeon Crawl Stone Soup version 0.30.1-4-g462c640d31 (webtiles) character file.

Game seed: 1165705551006839411

1432 Wiggles the Cleaver (level 8, -2/71 HPs)
             Began as a Minotaur Berserker on Sept 6, 2023.
             Was an Elder of Trog.
             Succumbed to a gnoll sergeant's poison
             ... on level 5 of the Dungeon.
             The game lasted 00:07:04 (4289 turns).

Wiggles the Cleaver (Minotaur Berserker)            Turns: 4289, Time: 00:07:05

Health: -2/71      AC: 10    Str: 29    XL:     8   Next: 45%
Magic:  7/7        EV: 10    Int:  4    God:    Trog [****..]
Gold:   359        SH:  0    Dex: 11    Spells: 7/7 levels left

rFire   . . .        f - +0 war axe
rCold   . . .        (no shield)
rNeg    . . .        d - +0 chain mail
rPois   .            (helmet restricted)
rElec   .            (no cloak)
rCorr   .            (no gloves)
SInv    +            (no boots)
Will    .....        (no amulet) Stlth
                     r - +6 ring of strength
HPRegen 0.31/turn    w - ring of see invisible
MPRegen 0.10/turn

%: no passive effects
@: lethally poisoned (-2 -> -39), on berserk cooldown, slowed, very slow
A: horns 2, retaliatory headbutt
a: Renounce Religion, Berserk, Trog's Hand, Brothers in Arms


You were on level 5 of the Dungeon.
You worshipped Trog.
Trog was greatly pleased with you.
You visited 1 branch of the dungeon, and saw 5 of its levels.

You collected 359 gold pieces.

Inventory:

Hand Weapons
 f - a +0 war axe (weapon)
Armour
 d - a +0 chain mail (worn)
Jewellery
 k - a ring of protection from cold
 r - a +6 ring of strength (left hand)
 t - an amulet of magic regeneration
 w - a ring of see invisible (right hand)
Wands
 q - a wand of roots (10)
 v - a wand of paralysis (13)
 y - a wand of flame (23)
Scrolls
 a - a scroll of fear {unknown}
 b - 3 scrolls of teleportation {unknown}
 e - 2 scrolls of vulnerability {unknown}
 h - 7 scrolls of identify {unknown}
 i - a scroll of immolation {unknown}
 o - 2 scrolls of enchant armour {unknown}
 p - a scroll of amnesia {unknown}
 s - a scroll of noise {unknown}
Potions
 c - 4 potions of haste {unknown}
 g - 2 potions of cancellation {unknown}
 j - a potion of ambrosia {unknown}
 l - a potion of attraction {unknown}
 m - 3 potions of flight {unknown}
 n - 2 potions of curing {unknown}
 u - a potion of mutation {unknown}
 x - a potion of degeneration {unknown}
 z - a potion of brilliance {unknown}
 A - a potion of berserk rage {unknown}


   Skills:
 + Level 6.8 Fighting
 + Level 9.6 Axes
 + Level 6.1 Armour
 + Level 3.7 Dodging
 + Level 0.5 Stealth
 + Level 0.3 Unarmed Combat


You had 7 spell levels left.
You didn't know any spells.
Your spell library was empty.

Dungeon Overview and Level Annotations

Branches:
Dungeon (5/15)             Temple (0/1) D:4

Altars:
Gozag
Hepliaklqana

Shops:
D:4 [


Innate Abilities, Weirdness & Mutations

You have a pair of horns on your head.
You reflexively headbutt those who attack you in melee.


Message History

Trog accepts your kill.
You hit the gnoll sergeant. You closely miss the orc wizard.
You slash the gnoll!
You feel very sick. The gnoll hits you but does no damage.
The gnoll sergeant hits you with a +1 trident of venom!
* * * LOW HITPOINT WARNING * * *
You are lethally poisoned!
The orc wizard hits you but does no damage.
You slash the gnoll!
You kill the gnoll!
Trog accepts your kill.
You slash the gnoll sergeant! You barely miss the orc wizard.
You slash the orc!
You feel the power of Trog in you as your rage grows.
You kill the orc!
Trog accepts your kill.
* * * LOW HITPOINT WARNING * * *
You feel very sick.
* * * LOW HITPOINT WARNING * * *
You feel very sick.
The gnoll sergeant hits you from afar with a +1 trident of venom.
* * * LOW HITPOINT WARNING * * *
You are more poisoned.
The orc wizard hits you but does no damage.
Items here: ))) ††.
You feel a strong urge to attack something.
* * * LOW HITPOINT WARNING * * *
You feel very sick. The gnoll hits you with a +0 spear.
* * * LOW HITPOINT WARNING * * *
The gnoll sergeant hits you with a +1 trident of venom.
* * * LOW HITPOINT WARNING * * *
You are more poisoned.
The orc wizard closely misses you.
There is a large open door, spattered with blood here.
You are no longer berserk.
You are exhausted.
You feel yourself slow down.
You die...

≈≈~~≈≈≈≈≈....~≈≈≈≈≈
~~~~~~~≈~....~~≈~~≈~
.....................
#########''''####
#######....#
+.....'....+
#######).)o#
######)'#######
......g@g......
.....).).......
...............
...............
######++#######


You could see a gnoll sergeant, an orc wizard (invisible) and a gnoll.

Vanquished Creatures
  A steam dragon (D:4)
  Menkaure (D:5)
  4 kobold brigands (D:3)
  2 scorpions (D:5)
  A hound (D:5)
  2 orc priests
  Natasha (thrice) (D:3)
  2 iguanas
  2 orc wizards
  23 gnolls
  8 adders
  An ufetubus (D:5)
  3 worms
  A dart slug (D:2)
  15 orcs
  9 endoplasms
  2 giant cockroaches
  7 goblins
  15 hobgoblins
  8 jackals
  44 kobolds
  2 quokkas
  7 ball pythons
  6 bats
  5 frilled lizards
  9 rats
183 creatures vanquished.

Vanquished Creatures (collateral kills)
  An orc wizard (D:5)
  A gnoll (D:5)
2 creatures vanquished.

Vanquished Creatures (others)
  A ball python (D:4)
1 creature vanquished.

Grand Total: 186 creatures vanquished

Notes
Turn   | Place    | Note
-------+----------+-------------------------------------------
     0 | D:1      | Wiggles the Minotaur Berserker began the quest for the Orb.
     0 | D:1      | Reached XP level 1. HP: 19/19 MP: 0/0
    87 | D:1      | Reached XP level 2. HP: 12/27 MP: 1/1
   175 | D:1      | Reached skill level 4 in Axes
   384 | D:1      | Reached ** piety under Trog
   390 | D:1      | Reached XP level 3. HP: 33/33 MP: 2/2
   891 | D:2      | Found a faded altar of an unknown god.
  1038 | D:2      | Reached skill level 5 in Axes
  1038 | D:2      | Reached XP level 4. HP: 41/41 MP: 3/3
  1776 | D:3      | Found a faded altar of an unknown god.
  1776 | D:3      | Found a faded altar of an unknown god.
  1778 | D:3      | Found a hazy altar of Hepliaklqana.
  1827 | D:3      | Noticed Natasha
  1843 | D:3      | Killed Natasha
  1945 | D:3      | Found an opulent altar of Gozag.
  1995 | D:3      | Reached XP level 5. HP: 47/47 MP: 4/4
  1999 | D:3      | Identified the +6 long sword "Nisuta" {holy, rPois rC+
                  | Str-4 Stlth+}
  2093 | D:3      | Noticed Natasha
  2102 | D:3      | Killed Natasha
  2117 | D:3      | Noticed Natasha
  2123 | D:3      | Killed Natasha
  2124 | D:3      | Reached skill level 6 in Axes
  2127 | D:3      | Reached skill level 5 in Fighting
  2130 | D:3      | Reached *** piety under Trog
  2246 | D:3      | Reached XP level 6. HP: 56/56 MP: 5/5
  2534 | D:3      | Reached skill level 7 in Axes
  2569 | D:3      | Reached **** piety under Trog
  2571 | D:3      | Reached XP level 7. HP: 36/62 MP: 6/6
  2773 | D:3      | Reached skill level 8 in Axes
  3117 | D:4      | Found a staircase to the Ecumenical Temple.
  3118 | D:4      | Noticed a steam dragon
  3126 | D:4      | Killed a steam dragon
  3194 | D:4      | Reached skill level 5 in Armour
  3339 | D:4      | Found Fusips's Antique Armour Boutique.
  3877 | D:5      | Entered Level 5 of the Dungeon
  3933 | D:5      | Reached XP level 8. HP: 71/71 MP: 7/7
  3950 | D:5      | Noticed Menkaure
  3956 | D:5      | Killed Menkaure
  3957 | D:5      | Reached skill level 9 in Axes
  4288 | D:5      | HP: 4/106 [gnoll sergeant/+1 trident of venom (5)]
  4289 | D:5      | Succumbed to a gnoll sergeant's poison

Illustrated notes

Levels and vault maps discovered:
D:1:      evilmike_arrival_plus, layout_basic, minmay_distorted
D:2:      layout_basic, chequers_ecumenical_altar_simple_redux,
          eino_tiny_chamber
D:3:      minmay_goblin_kobold_castle, layout_loops_ring,
          nicolae_hepliaklqana_ecumenical_no_more, mainiacjoe_overflow_alcove_2,
          uniq_natasha
D:4:      layout_basic, minmay_temple_entry_ruins, serial_shops, shop_statue
D:5:      lemuel_castle_with_subvaults [lemuel_castle_interior_original],
          layout_basic, uniq_menkaure

Skill      XL: |  1  2  3  4  5  6  7  8 |
---------------+-------------------------+-----
Axes           | 4 5 6 7 8 9 |  9.6
Fighting       | 4 5 6 |  6.8
Armour         | 3 4 5 6 |  6.1
Dodging        | 3 |  3.7
Stealth        | |  0.5
Unarmed Combat | |  0.3

Action                     |  1- 3 |  4- 6 |  7- 9 || total
---------------------------+-------+-------+-------++-------
  Melee: Hand axe          |    33 |       |       ||    33
         Headbutt          |    10 |    16 |    18 ||    44
         War axe           |    60 |   116 |    89 ||   265
         Punch             |     1 |     1 |       ||     2
         Unarmed           |       |    11 |       ||    11
 Invoke: Berserk           |     1 |     3 |     4 ||     8
         Brothers in Arms  |       |       |     1 ||     1
 Armour: Chain mail        |    59 |    83 |    58 ||   200
  Dodge: Dodged            |    46 |    73 |    68 ||   187
